 Dungeon Crawl Stone Soup version 0.22.1-1-ga44c0e56f4 (webtiles) character file.

66 Anaphory the Digger (level 4, -10/24 HPs)
             Began as a Gargoyle Earth Elementalist on Nov 11, 2018.
             Killed by divine providence
             ... invoked by an orc priest
              (12 damage)
             ... on level 3 of the Dungeon.
             The game lasted 00:19:25 (2144 turns).

Anaphory the Digger (Gargoyle Earth Elementalist)   Turns: 2144, Time: 00:19:26

Health: -10/24     AC:  6    Str: 11    XL:     4   Next: 15%
Magic:  1/8        EV: 12    Int: 17    God:
Gold:   43         SH:  0    Dex: 10    Spells: 5/9 levels left

rFire    . . .     SeeInvis .   q - +0 whip
rCold    . . .     Gourm    .   (no shield)
rNeg     + . .     Faith    .   c - +0 robe
rPois    ∞         Spirit   .   f - +0 helmet
rElec    +         Reflect  .   (no cloak)
rCorr    .         Harm     .   (no gloves)
MR       .....                  (no boots)
Stlth    ++........             (no amulet)
HPRegen  0.08/turn              (no ring)
MPRegen  0.11/turn              (no ring)

@: no status effects
A: negative energy resistance 1, electricity resistance, unbreathing,
petrification resistance, rot immunity, AC +3
a: no special abilities


You were on level 3 of the Dungeon.
You were not hungry.

You visited 1 branch of the dungeon, and saw 3 of its levels.

You collected 43 gold pieces.

Inventory:

Hand Weapons
 i - a +0 short sword
 q - a +0 whip (weapon)
Missiles
 b - 15 stones (quivered)
 h - 24 sling bullets
Armour
 c - a +0 robe (worn)
 f - a +0 helmet (worn)
Scrolls
 a - 4 scrolls of remove curse
 e - 3 scrolls of teleportation {unknown}
 j - 5 scrolls of identify
 k - 2 scrolls of enchant weapon {unknown}
 l - a scroll of magic mapping {unknown}
 o - a scroll of enchant armour {unknown}
Potions
 g - a potion of agility {unknown}
 m - a potion of mutation {unknown}
 n - a potion of brilliance {unknown}
 p - a potion of flight {unknown}
 r - 2 potions of cancellation
Comestibles
 d - 8 rations


   Skills:
 + Level 0.3 Fighting
 - Level 1.6 Dodging
 - Level 2.2 Stealth
 * Level 3.0 Spellcasting
 * Level 0.4 Conjurations
   Level 0.7 Transmutations
 * Level 4.8 Earth Magic


You had 5 spell levels left.
You knew the following spells:

 Your Spells              Type           Power        Failure   Level  Hunger
a - Sandblast             Erth           ###...       2%          1    None
b - Stone Arrow           Conj/Erth      ##....       19%         3    ###....

Your spell library contained the following spells:

 Spells                   Type           Power        Failure   Level  Hunger
 Passwall                 Tmut/Erth      ##......     9%          2    ##.....
 Petrify                  Tmut/Erth      ##......     50%         4    ####...
 Lee's Rapid Deconstruct  Erth           ###.......   54%         5    ######.


Dungeon Overview and Level Annotations

Branches:
Dungeon (3/15)

Altars:


Innate Abilities, Weirdness & Mutations

You are resistant to torment.
Your stone body is resilient. (AC +3)
You are immune to poison.
You resist negative energy. (rN+)
You are resistant to electric shocks. (rElec)
You can survive without breathing.
You are immune to petrification.
You are immune to rotting.


Message History

Casting: Stone Arrow (safe; 19% risk of failure)
Confirm with . or Enter, or press ? or * to list all spells.
You don't have enough magic to cast that spell.
The orc priest calls down the wrath of Beogh upon you.
Beogh smites you!
Ouch! That really hurt!
* * * LOW HITPOINT WARNING * * *
Casting: Stone Arrow (safe; 19% risk of failure)
Confirm with . or Enter, or press ? or * to list all spells.
Aiming: Sandblast (safe; 2% risk of failure)
Press: ? - help, Shift-Dir - straight line, f/p - orc priest
Aim: an orc priest, wearing a scale mail The blast of sand hits the orc priest.
b - 15 stones The orc priest hits you but does no damage.
You hit the orc priest but do no damage.
The orc priest mumbles some strange prayers to Beogh against you.
Beogh smites you!
Ouch! That really hurt!
You die...

##..........##
##...........^## .
#########..............##..
#..........................#
#......................##.##
#......................#
#.............)).......#
##########............##
####.[o@.......#
##....###.........# ##..####
#.####....... ##..## #.#
..##.## ##..## #.# ..# .#
#..## #.# ..# # #.## #.# ..#
#...# #.# #o### #.#


You could see an orc priest.

Vanquished Creatures
  An adder (D:2)
  A worm (D:1)
  3 dart slugs
  A leopard gecko (D:3)
  An orc (D:3)
  7 bats
  4 giant cockroaches
  4 goblins (D:1)
  7 hobgoblins
  4 kobolds
  A quokka (D:2)
  2 frilled lizards
  8 rats
44 creatures vanquished.

Notes
Turn   | Place    | Note
-------+----------+-------------------------------------------
     0 | D:1      | Anaphory the Gargoyle Earth Elementalist began the quest
                  | for the Orb.
     0 | D:1      | Reached XP level 1. HP: 10/10 MP: 3/3
   144 | D:1      | Reached skill level 4 in Earth Magic
   144 | D:1      | Reached XP level 2. HP: 15/15 MP: 1/5
   556 | D:1      | Reached XP level 3. HP: 15/19 MP: 6/6
   704 | D:1      | Learned a level 3 spell: Stone Arrow
  1792 | D:2      | Reached XP level 4. HP: 24/24 MP: 4/8
  2144 | D:3      | Killed from afar by an orc priest

Skill      XL: |  1  2  3  4 |
---------------+-------------+-----
Earth Magic    | 4 |  4.8
Spellcasting   | 3 |  3.0
Fighting       | |  0.3
Dodging        | |  1.6
Stealth        | |  2.2
Conjurations   | |  0.4
Transmutations | |  0.7

Action                   |  1- 3 |  4- 6 || total
-------------------------+-------+-------++-------
Melee: Short sword       |    41 |       ||    41
       Club              |    93 |       ||    93
       Whip              |    15 |    16 ||    31
 Cast: Sandblast         |    23 |     2 ||    25
       Stone Arrow       |     2 |     4 ||     6
  Use: Scroll            |     2 |       ||     2
 Stab: Sleeping          |     3 |       ||     3
  Eat: Chunk             |     4 |     1 ||     5
Armor: Robe              |    66 |     8 ||    74
Dodge: Dodged            |   125 |     8 ||   133
